 Dungeon Crawl Stone Soup version 0.31-a0-369-g8eba5f6939 (webtiles) character file.

Game seed: 13087495529222866524

40 CraigForest the Trooper (level 3, -1/40 HPs)
             Began as an Ogre Fighter on July 28, 2023.
             Slain by a goblin
             ... wielding a +0 dagger
             ... led by Robin
              (5 damage)
             ... on level 2 of the Dungeon.
             The game lasted 00:04:50 (947 turns).

CraigForest the Trooper (Ogre Fighter)               Turns: 947, Time: 00:04:51

Health: -1/40      AC:  3    Str: 22    XL:     3   Next: 50%
Magic:  3/3        EV:  8    Int:  9    God:
Gold:   33         SH:  7    Dex:  8    Spells: 2/2 levels left

rFire   . . .        a - +0 trident
rCold   . . .        c - +0 kite shield
rNeg    . . .        b - +0 robe
rPois   .            (helmet restricted)
rElec   .            (no cloak)
rCorr   .            (gloves unavailable)
SInv    .            (boots unavailable)
Will    .....        (no amulet)
Stlth   +            (no ring)
HPRegen 0.26/turn    (no ring)
MPRegen 0.08/turn

%: no passive effects
@: mighty
A: large, unfitting armour, tough skin 1
a: no special abilities


You were on level 2 of the Dungeon.
You visited 1 branch of the dungeon, and saw 2 of its levels.

You collected 33 gold pieces.

Inventory:

Hand Weapons
 a - a +0 trident (weapon)
Armour
 b - a +0 robe (worn)
 c - a +0 kite shield (worn)
Scrolls
 f - a scroll of brand weapon {unknown}
Potions
 e - a potion of curing


   Skills:
 + Level 4.4 Fighting
 + Level 2.4 Polearms
 + Level 3.2 Dodging
 + Level 3.3 Shields


You had 2 spell levels left.
You didn't know any spells.
Your spell library was empty.

Dungeon Overview and Level Annotations

Branches:
Dungeon (2/15)

Altars:

Annotations:
D:2 Robin, Sigmund


Innate Abilities, Weirdness & Mutations

You are too large for most types of armour.
You have tough skin. (AC +1)


Message History

The goblin shouts!
The hobgoblin shouts!
Robin throws the goblin at you! The goblin hits you with a +0 dagger.
A hobgoblin comes into view.
A goblin comes into view. It is wielding a +0 dagger.
The goblin hits you with a +0 dagger. The goblin attacks as you move away!
The goblin hits you with a +0 dagger.
A kobold comes into view. It is wielding a +0 dagger.
You feel very sick. Sigmund barely misses you. The goblin barely misses you.
You feel very mighty all of a sudden.
You feel sick. The goblin hits you but does no damage.
The goblin hits you with a +0 dagger.
* * * LOW HITPOINT WARNING * * *
Sigmund hits you with a +1 scythe of venom.
* * * LOW HITPOINT WARNING * * *
You are lethally poisoned!
It was a potion of curing.
You feel better.
Robin roars a battlecry!
The goblins go into a battle-frenzy!
The goblin hits you with a +0 dagger. You block the goblin's attack.
You hit Sigmund.
Sigmund is severely wounded.
The kobold throws a stone.
The stone barely misses you.
The stone hits the goblin.
You block the goblin's attack. Sigmund barely misses you.
Robin throws the goblin at you! The goblin closely misses you.
The goblin hits you with a +0 dagger.
* * * LOW HITPOINT WARNING * * *
The kobold throws a stone.
The stone closely misses you.
The stone misses the goblin.
You block the goblin's attack. The goblin hits you with a +0 dagger.
* * * LOW HITPOINT WARNING * * *
You barely miss Sigmund.
Sigmund is severely wounded.
You block Sigmund's attack. The goblin barely misses you.
You block the goblin's attack. The goblin hits you with a +0 dagger.
* * * LOW HITPOINT WARNING * * *
You closely miss Sigmund.
Sigmund is severely wounded.
The goblin hits you with a +0 dagger.
You die...

....##. .#....
..#.. #...#
...######## .
.K.......
..######.g.##.#
#......g@@g...#
###...g.g.####
#.#..g.g###
#..<....g....#
#########g####
g.# .g. ... .g.


You could see Sigmund, Robin, 4 hobgoblins, 6 goblins and a kobold.

Vanquished Creatures
  2 gnolls (D:1)
  A dart slug (D:1)
  2 ball pythons (D:1)
  2 endoplasms (D:1)
  2 giant cockroaches (D:1)
  3 goblins (D:1)
  A hobgoblin (D:1)
  3 bats (D:1)
  A frilled lizard (D:1)
  A kobold (D:1)
18 creatures vanquished.

Notes
Turn   | Place    | Note
-------+----------+-------------------------------------------
     0 | D:1      | CraigForest the Ogre Fighter began the quest for the Orb.
     0 | D:1      | Reached XP level 1. HP: 24/24 MP: 1/1
     1 | D:1      | Noticed an electric eel
   131 | D:1      | Reached XP level 2. HP: 20/32 MP: 2/2
   435 | D:1      | Reached XP level 3. HP: 40/40 MP: 3/3
   934 | D:2      | Noticed Sigmund
   940 | D:2      | Noticed Robin
   947 | D:2      | Slain by a goblin

Illustrated notes

Levels and vault maps discovered:
D:1:      arrival_aquarium_a, layout_loops_cross
D:2:      mumra_celtic_spiral_tile, layout_basic,
          dreamdust_ecumenical_altar_grove, uniq_terence, uniq_sigmund,
          uniq_jessica, uniq_robin

Skill      XL: |  1 |
---------------+----+-----
Dodging        | 3 |  3.2
Fighting       | |  4.4
Polearms       | |  2.4
Shields        | |  3.3

Action                     || total
---------------------------++-------
  Melee: Trident           ||    58
    Use: Potion            ||     2
   Stab: Sleeping          ||     1
 Armour: Robe              ||     9
  Dodge: Dodged            ||    22
  Block: Kite shield       ||    15

Table legend: (Time is in decaauts)
 A = Elapsed time spent in this place.
 B = Non-inter-level travel time spent in this place.
 C = Inter-level travel time spent in this place.
 D = Time resting spent in this place.
 E = Time spent auto-exploring this place.
 F = Levels seen in this place.
 G = Mean time per level.
                   A        B        C        D        E       F      G
               +--------+--------+--------+--------+--------+-----+--------+
         Total |    965 |    894 |     71 |      0 |    725 |   2 |  482.5 |
       Dungeon |    965 |    894 |     71 |      0 |    725 |   2 |  482.5 |
               +--------+--------+--------+--------+--------+-----+--------+

Top non-repeatable levels by time:
     D:1: 951 daAuts
     D:2: 14 daAuts
